Map: Praça Neon Violeta LE

Players

JhoNboX - Winner!

  • Race: Terran Terran
  • Spawn Location: 11:00

IagoAbreu

  • Race: Protoss Protoss
  • League: Gold
  • Spawn Location: 5:00

VOD

Have the link to the VOD?

Description

Time

  • Played on: April 1, 2018, 6:36 p.m.
  • Length: 17:27
Show
View Real Time Build Order
Export as new Build Order

JhoNboX Terran - Winner!

Build Orders: MMM Bio 

Get SALT Encoding   

  12  0:01  SCV  
  13  0:13  SCV  
  14  0:24  Supply Depot  
  14  0:27  SCV  
  15  0:37  Refinery  
  15  0:48  SCV, Barracks  
  16  1:00  SCV  
  17  1:14  SCV, Refinery  
  18  1:23  Barracks  
  18  1:26  SCV  
  19  1:35  Marine  
  20  1:42  SCV  
  21  1:54  SCV  
  21  1:56  Marine  
  23  2:14  Barracks Tech Lab, Supply Depot  
  23  2:33  Command Center  
  23  2:35  Marine, SCV  
  25  2:44  Stimpack  
  24  3:02  Marine x2  
  26  3:06  SCV  
  27  3:14  Factory  
  27  3:20  SCV, Marauder  
  30  3:30  Marine  
  31  3:41  SCV  
  31  3:59  Orbital Command  
  31  4:00  Factory Tech Lab  
  30  4:05  Starport  
  30  4:08  Barracks  
  30  4:09  Barracks Reactor  
  30  4:10  Marine  
  30  4:13  SCV  
  32  4:24  Siege Tank  
  32  4:28  SCV, Marine  
  37  4:42  Engineering Bay, Starport Reactor  
  37  4:50  SCV  
  38  4:56  Barracks Reactor  
  38  4:57  Barracks  
  38  5:02  SCV, Marine x2  
  38  5:04  Marauder  
  38  5:06  SCV  
  44  5:16  Missile Turret  
  44  5:20  Marine x2  
  46  5:30  Supply Depot  
  46  5:50  Missile Turret  
  46  5:51  Marine x2, SCV, Missile Turret, Medivac x2  
  46  5:53  Supply Depot  
  53  5:57  Barracks Reactor  
  53  6:03  SCV  
  54  6:07  Bunker  
  54  6:08  Combat Shields  
  54  6:14  SCV  
  54  6:17  Supply Depot  
  55  6:26  SCV  
  56  6:52  Marine x4  
  60  6:55  Marine x2  
  60  6:56  Barracks, Marauder  
  60  7:00  Medivac  
  65  7:10  Marine x2  
  65  7:12  Marine  
  68  7:17  Marauder  
  63  9:03  Marine x2  
  65  9:20  Marine  
  65  9:21  Marine  
  62  9:38  Marine x2  
  57  10:42  Marine x2  
  58  10:43  Marine  
  58  10:45  Medivac x2  
  64  11:00  Marine x3  
  64  11:01  Marine x3  
  70  11:04  Supply Depot  
  70  11:26  Marine x6  
  70  11:28  Supply Depot  
  76  11:44  Marine x2  
  78  11:49  Marine  
  79  12:01  Marine x2  
  77  13:13  Marine  
  77  13:14  Marine x3  
  71  13:46  Bunker  
  61  15:16  Barracks Reactor  
  61  15:23  Medivac x2  
  61  15:24  Marine  
  61  15:25  Marine, Bunker  
  61  15:26  Marine x2, Supply Depot  
  61  15:27  Marine, Supply Depot  
  70  15:29  Supply Depot  
  70  15:42  Marine  
  70  15:43  Marine  
  70  15:44  Marine x2  
  74  16:01  Marine  
  75  16:33  Supply Depot x2  
Show
View Real Time Build Order
Export as new Build Order

IagoAbreu Protoss 

Build Orders:  

Get SALT Encoding   

  12  0:02  Probe (Chrono Boost)  
  13  0:11  Probe (Chrono Boost)  
  14  0:22  Pylon  
  14  0:25  Probe  
  15  0:37  Assimilator  
  15  0:40  Probe  
  16  0:47  Assimilator  
  16  0:52  Probe  
  17  1:04  Probe  
  17  1:08  Forge  
  17  1:10  Gateway  
  18  1:16  Probe (Chrono Boost)  
  19  1:25  Probe (Chrono Boost)  
  20  1:48  Pylon  
  20  1:50  Probe  
  21  2:02  Cybernetics Core  
  21  2:03  Probe  
  22  2:16  Photon Cannon  
  22  2:18  Photon Cannon  
  22  2:29  Protoss Shields Level 1  
  22  2:45  Twilight Council  
  22  3:06  Nexus  
  22  3:09  Warp Gate (Chrono Boost)  
  22  3:18  Stalker  
  24  3:40  Templar Archives  
  24  3:46  Robotics Facility  
  24  3:55  Stalker  
  26  4:18  Gateway  
  26  4:23  Pylon  
  26  4:27  Pylon  
  26  4:31  Psionic Storm  
  26  4:40  Probe (Chrono Boost)  
  27  4:50  Probe (Chrono Boost)  
  27  4:51  Observer (Chrono Boost)  
  29  4:56  Probe (Chrono Boost)  
  30  5:04  Warp Prism (Chrono Boost)  
  33  5:08  Probe (Chrono Boost)  
  33  5:21  Probe  
  34  5:22  Probe  
  35  5:28  High Templar  
  35  5:29  High Templar  
  35  5:33  Probe  
  35  5:34  Probe  
  41  5:38  Robotics Facility  
  41  5:46  Probe  
  42  5:57  Nexus  
  42  6:00  Probe (Chrono Boost)  
  42  6:03  Assimilator  
  43  6:08  Assimilator  
  43  6:10  Probe (Chrono Boost)  
  44  6:45  High Templar x2  
  45  7:36  Immortal (Chrono Boost)  
  45  7:37  Immortal (Chrono Boost)  
  43  7:55  Stalker  
  43  7:56  Stalker  
  43  8:27  Immortal  
  47  8:36  Pylon  
  47  8:37  Pylon  
  44  9:01  Stalker  
  40  10:15  Gateway  
  40  10:16  Gateway  
  40  10:17  Gateway  
  40  10:18  Gateway  
  38  10:23  High Templar  
  38  10:24  High Templar  
  42  10:33  Immortal  
  40  10:57  Zealot  
  40  10:58  Zealot, Warp Prism  
  46  11:14  Pylon  
  46  11:15  Pylon  
  46  11:17  Pylon  
  46  11:31  Warp Prism  
  48  12:01  Zealot x4  
  48  12:02  Zealot x2  
  64  12:24  Immortal  
  68  12:30  High Templar  
  11  14:21  Nexus  
  11  14:25  Pylon x2  
  6  15:55  Probe (Chrono Boost)  
  7  16:06  Probe (Chrono Boost)  
  8  17:01  Probe (Chrono Boost)  
Tags
 
Composition
MMM Bio
League
Gold
Matchup
PvT
Spawn Locations
Cross Positions
Add a new tag
Caveats
  • Supply blocks, unpowered buildings, or Contaminate may cause inaccurate times.
  • Supply counts are checked every 10 seconds.